 Dungeon Crawl Stone Soup version 0.25-a0-253-g6f1b5d974a (webtiles) character file.

Game seed: 8356447434645846756, levelgen mode: classic

556 Borgoz the Slasher (level 7, -9/43 HPs)
             Began as a Gargoyle Gladiator on Dec 5, 2019.
             Mangled by an ogre
             ... wielding a +0 giant club
              (24 damage)
             ... on level 4 of the Dungeon.
             The game lasted 00:05:57 (4172 turns).

Borgoz the Slasher (Gargoyle Gladiator)             Turns: 4172, Time: 00:05:58

Health: -9/43      AC: 18    Str: 19    XL:     7   Next: 30%
Magic:  7/7        EV:  6    Int:  9    God:
Gold:   155        SH:  0    Dex: 11    Spells: 6/6 levels left

rFire    . . .     SeeInvis .   a - +0 long sword
rCold    . . .     Gourm    .   (no shield)
rNeg     + . .     Faith    .   w - +0 scale mail
rPois    ∞         Spirit   .   v - +2 helmet
rElec    +         Reflect  .   p - +1 cloak {MR+}
rCorr    .         Harm     .   (no gloves)
MR       +....                  t - +0 pair of boots
Stlth    ..........             (no amulet)
HPRegen  0.14/turn              g - -5 ring of evasion (curse)
MPRegen  0.10/turn              (no ring)

@: no status effects
A: negative energy resistance 1, electricity resistance, unbreathing,
petrification resistance, rot immunity, AC +4
a: no special abilities


You were on level 4 of the Dungeon.
You were not hungry.

You visited 1 branch of the dungeon, and saw 4 of its levels.

You collected 155 gold pieces.

Inventory:

Hand Weapons
 a - a +0 long sword (weapon)
Missiles
 d - 3 throwing nets (quivered)
Armour
 p - a +1 cloak of magic resistance (worn)
 t - a +0 pair of boots (worn)
 v - a +2 helmet (worn)
 w - a +0 scale mail (worn)
Jewellery
 g - a cursed -5 ring of evasion (left hand)
Scrolls
 c - a scroll of fog {unknown}
 e - 3 scrolls of enchant armour
 k - 6 scrolls of teleportation
 r - a scroll of blinking
Potions
 h - 2 potions of resistance {unknown}
 i - 3 potions of curing {unknown}
 j - a potion of might {unknown}
 l - 2 potions of haste {unknown}
 m - 4 potions of flight {unknown}
 n - a potion of brilliance {unknown}
 o - a potion of lignification {unknown}
 q - a potion of mutation {unknown}
 u - a potion of agility {unknown}
Comestibles
 f - 5 rations


   Skills:
 + Level 4.1 Fighting
 * Level 5.1 Long Blades
 - Level 1.7 Throwing
 + Level 3.4 Armour
 + Level 3.7 Dodging


You had 6 spell levels left.
You didn't know any spells.
Your spell library was empty.

Dungeon Overview and Level Annotations

Branches:
Dungeon (4/15)
 Temple: D:4-7

Altars:
Elyvilon
Kikubaaqudgha
Nemelex Xobeh
Yredelemnul


Innate Abilities, Weirdness & Mutations

You are resistant to torment.
Your stone body is resilient. (AC +4)
You are immune to poison.
You resist negative energy. (rN+)
You are resistant to electric shocks. (rElec)
You can survive without breathing.
You are immune to petrification.
You are immune to rotting.


Message History

The ogre hits you with a +0 giant club!
You hit the ogre.
The ogre is lightly wounded.
The ogre hits you with a +0 giant club!
You barely miss the ogre.
The ogre is lightly wounded.
The ogre barely misses you.
You closely miss the ogre.
The ogre is lightly wounded.
The ogre hits you with a +0 giant club!
You slash the ogre!
The ogre is heavily wounded.
The ogre hits you with a +0 giant club.
You hit the ogre.
The ogre is heavily wounded.
You slash the ogre!
The ogre is severely wounded.
The ogre hits you with a +0 giant club!!
Ouch! That really hurt!
You die...

#.# #(#
#.# #.#
#.#
#.######
#......#
######.#
#@#
#O...)...
#()#.####
# ##.# #
# .# #. #
.+ >.. #
## #.# #
#####.# #
##...#.#
#


You could see an ogre.

Vanquished Creatures
  An ogre (D:4)
  A crocodile (D:4)
  A bullfrog (D:3)
  A scorpion (D:2)
  Crazy Yiuf (D:2)
  An orc wizard (D:3)
  A worker ant (D:4)
  4 gnolls (D:3)
  8 adders
  2 oozes
  2 worms
  4 leopard geckos
  4 orcs
  8 giant cockroaches
  5 goblins
  8 hobgoblins
  6 jackals (D:1)
  A kobold (D:1)
  2 quokkas
  7 bats
  5 frilled lizards
  11 rats
84 creatures vanquished.

Notes
Turn   | Place    | Note
-------+----------+-------------------------------------------
     0 | D:1      | Borgoz the Gargoyle Gladiator began the quest for the Orb.
     0 | D:1      | Reached XP level 1. HP: 12/12 MP: 1/1
   222 | D:1      | Reached XP level 2. HP: 16/18 MP: 2/2
   305 | D:1      | Reached skill level 3 in Long Blades
   462 | D:1      | Reached skill level 1 in Armour
   514 | D:1      | Reached XP level 3. HP: 22/22 MP: 3/3
   707 | D:2      | Found a runed translucent door.
   708 | D:2      | Noticed Crazy Yiuf
  1037 | D:2      | Reached XP level 4. HP: 25/27 MP: 4/4
  1546 | D:2      | Reached XP level 5. HP: 9/32 MP: 5/5
  1914 | D:2      | Reached skill level 4 in Long Blades
  2037 | D:2      | Found a sparkling altar of Nemelex Xobeh.
  2103 | D:2      | Killed Crazy Yiuf
  2167 | D:3      | Found a white marble altar of Elyvilon.
  2559 | D:3      | Reached XP level 6. HP: 4/37 MP: 6/6
  2784 | D:3      | Found an ancient bone altar of Kikubaaqudgha.
  3346 | D:4      | Found a basalt altar of Yredelemnul.
  3404 | D:4      | Reached XP level 7. HP: 17/42 MP: 7/7
  3783 | D:4      | Reached skill level 5 in Long Blades
  4172 | D:4      | Mangled by an ogre

Levels and vault maps discovered:
D:1:      minmay_arrival_arboretum_small, layout_rooms
D:2:      layout_loops_corners, lemuel_coloured_pillars_altar,
          uniq_crazy_yiuf_cottage
D:3:      layout_basic, nicolae_overflow_crystal_walls,
          nicolae_overflow_hidden_temple, first_ration
D:4:      layout_loops_ring, kennysheep_mini, guppyfry_shop_venom

Skill      XL: |  1  2  3  4  5  6  7 |
---------------+----------------------+-----
Long Blades    | 3 4 5 |  5.1
Armour         | 1 2 3 |  3.4
Fighting       | 3 4 |  4.1
Dodging        | 3 |  3.7
Throwing       | |  1.7

Action                   |  1- 3 |  4- 6 |  7- 9 || total
-------------------------+-------+-------+-------++-------
Melee: Long sword        |   107 |   195 |    33 ||   335
Throw: Throwing net      |       |     2 |       ||     2
  Use: Scroll            |       |     5 |       ||     5
  Eat: Chunk             |     1 |     8 |     2 ||    11
Armor: Leather armour    |    67 |    70 |       ||   137
       Scale mail        |       |    77 |    12 ||    89
Dodge: Dodged            |   107 |    91 |    14 ||   212
       Rpst.: Long sword |    39 |    30 |     5 ||    74

Table legend:
 A = Non-vault XP
 B = Vault XP
 C = Vault XP percentage of total XP
 D = Non-vault monster count
 E = Vault monster count
 F = Vault count percentage of total count
                 A         B        C        D         E       F
            +---------+---------+-------+---------+---------+-------
      Total |     754 |      41 |   5.2 |      83 |       1 |   1.2
            +---------+---------+-------+---------+---------+-------
        D:1 |      43 |       0 |   0.0 |      22 |       0 |   0.0
        D:2 |     176 |      41 |  18.9 |      29 |       1 |   3.3
        D:3 |     249 |       0 |   0.0 |      25 |       0 |   0.0
        D:4 |     286 |       0 |   0.0 |       7 |       0 |   0.0
            +---------+---------+-------+---------+---------+-------
